 Dungeon Crawl Stone Soup version 0.23-a0-650-ga4d50d4 (webtiles) character file.

1868 Defined the Blocker (level 9, -3/57 HPs)
             Began as a Gargoyle Fighter on Jan 6, 2019.
             Hit by a tomahawk thrown by an orc warrior (7 damage)
             ... on level 7 of the Dungeon.
             The game lasted 00:22:59 (6445 turns).

Defined the Blocker (Gargoyle Fighter)              Turns: 6445, Time: 00:23:00

Health: -3/57      AC: 16    Str: 21    XL:     9   Next: 13%
Magic:  14/14      EV:  9    Int: 12    God:
Gold:   427        SH: 11    Dex: 10    Spells: 12/14 levels left

rFire    + . .     SeeInvis .   t - +1 hand axe (elec)
rCold    . . .     Gourm    .   c - +0 shield
rNeg     + . .     Faith    .   h - +2 ring mail {rF+}
rPois    ∞         Spirit   .   i - +0 helmet
rElec    +         Reflect  .   (no cloak)
rCorr    .         Harm     .   (no gloves)
MR       .....                  (no boots)
Stlth    ..........             (no amulet)
HPRegen  0.19/turn              G - +2 ring of intelligence
MPRegen  0.14/turn              w - ring of wizardry

@: no status effects
A: negative energy resistance 1, electricity resistance, unbreathing,
petrification resistance, rot immunity, AC +6
a: no special abilities


You were on level 7 of the Dungeon.
You were hungry.

You visited 1 branch of the dungeon, and saw 7 of its levels.
You also visited: Sewer.

You collected 427 gold pieces.

Inventory:

Hand Weapons
 t - a +1 hand axe of electrocution (weapon)
 C - a +0 whip of freezing
Missiles
 k - 66 sling bullets
 y - 4 needles of frenzy
 D - 15 tomahawks of dispersal (quivered)
Armour
 c - a +0 shield (worn)
 h - a +2 ring mail of fire resistance (worn)
 i - a +0 helmet (worn)
 s - +0 steam dragon scales
Jewellery
 r - an uncursed ring of fire
 w - a ring of wizardry (right hand)
 G - a +2 ring of intelligence (left hand)
Wands
 l - a wand of acid (1)
 E - a wand of disintegration (13)
Scrolls
 e - 2 scrolls of remove curse
 j - 10 scrolls of teleportation
 p - 3 scrolls of magic mapping
Potions
 d - 2 potions of might
 g - 6 potions of curing
 m - 2 potions of cancellation {unknown}
 o - 3 potions of resistance
 q - a potion of heal wounds
 v - 2 potions of agility
 z - 5 potions of flight
 A - a potion of invisibility
 F - a potion of haste {unknown}
Comestibles
 f - 18 rations


   Skills:
 + Level 7.3 Fighting
 - Level 3.1 Maces & Flails
 - Level 5.9 Armour
 * Level 8.7 Shields
 + Level 3.3 Spellcasting
 * Level 0.7 Transmutations


You had 12 spell levels left.
You knew the following spells:

 Your Spells              Type           Power        Failure   Level  Hunger
a - Sticks to Snakes      Tmut           #.......     34%         2    ##.....

Your spell library contained the following spells:

 Spells                   Type           Power        Failure   Level  Hunger
 Beastly Appendage        Tmut           #.....       26%         1    #......
 Animate Skeleton         Necr           N/A          32%         1    #......
 Apportation              Tloc           #.....       32%         1    #......
 Confusing Touch          Hex            #.....       32%         1    #......
 Freeze                   Ice            #...         32%         1    #......
 Summon Small Mammal      Summ           #...         32%         1    #......
 Throw Frost              Conj/Ice       #.....       43%         2    ##.....
 Spider Form              Tmut/Pois      #.........   61%         3    ###....
 Ozocubu's Armour         Chrm/Ice       #.......     65%         3    ###....
 Ice Form                 Ice/Tmut       #.......     94%         4    #####..
 Summon Ice Beast         Ice/Summ       #.......     96%         4    #####..
 Throw Icicle             Conj/Ice       #.......     96%         4    #####..
 Blade Hands              Tmut           #.........   99%         5    ######.


Dungeon Overview and Level Annotations

Branches:
Dungeon (7/15)
 Temple: D:4-7

Altars:
Dithmenos
Okawaru
Vehumet

Annotations:
D:4 Blork the orc
D:7 Joseph


Innate Abilities, Weirdness & Mutations

You are resistant to torment.
Your stone body is resilient. (AC +6)
You are immune to poison.
You resist negative energy. (rN+)
You are resistant to electric shocks. (rElec)
You can survive without breathing.
You are immune to petrification.
You are immune to rotting.


Message History

You hit the orc warrior.
The orc warrior is severely wounded.
The orc warrior hits you with a +0 scimitar!
Joseph shoots a sling bullet.
The sling bullet hits you but does no damage.
You hit the orc warrior but do no damage.
The orc warrior is severely wounded.
The orc warrior closely misses you.
Joseph shoots a sling bullet.
The sling bullet barely misses you.
Joseph shoots a sling bullet.
The sling bullet hits you!
* * * LOW HITPOINT WARNING * * *
The orc warrior throws a tomahawk.
The tomahawk hits you.
* * * LOW HITPOINT WARNING * * *
You see here a sling bullet.
Joseph shoots a sling bullet.
The sling bullet hits you!
* * * LOW HITPOINT WARNING * * *
The orc warrior throws a tomahawk.
The tomahawk barely misses you.
You see here a sling bullet.
The orc warrior throws a tomahawk.
The tomahawk hits you!
You die...

#...# ##.##### #.....#
##+# #####.# ##...## #.#
##.....## #######.####
##.......## #..........#
#.......(.###....##.#..#
+...[...@('.......#.#..#
#.......(.###.......#..#
##....((.## #.#.#.###..#
##...(.## #.#.#.###..#
##.o)## #........).#
##@## #####.###### #.#
#.# #.# #.# #)# #.#


You could see Joseph and an orc warrior.

Vanquished Creatures
  Prince Ribbit (D:6)
  Menkaure (D:5)
  An ice beast (D:7)
  An orc warrior (D:6)
  2 ogres
  The ghost of Borgoz the Cutter, an amateur KoBe of Trog (D:3)
  3 big kobolds (D:6)
  A bullfrog (D:6)
  A howler monkey (D:4)
  A crimson imp (D:5)
  2 bullfrog zombies
  4 orc priests
  5 orc wizards
  An iguana (D:6)
  A merfolk siren (Sewer)
  A merfolk avatar (Sewer)
  4 worker ants
  A hound skeleton (D:3)
  Robin (D:3)
  7 adders
  3 river rats (Sewer)
  A shadow imp (D:6)
  2 oozes
  An adder zombie (D:6)
  A worm (D:5)
  2 dart slugs (D:2)
  6 leopard geckos
  26 orcs
  6 ball pythons (Sewer)
  12 bats
  8 giant cockroaches
  14 goblins
  10 hobgoblins
  12 jackals
  13 kobolds
  4 quokkas
  10 frilled lizards
  2 leopard gecko skeletons
  A quokka skeleton (D:4)
  29 rats
203 creatures vanquished.

Notes
Turn   | Place    | Note
-------+----------+-------------------------------------------
     0 | D:1      | Defined the Gargoyle Fighter began the quest for the Orb.
     0 | D:1      | Reached XP level 1. HP: 14/14 MP: 1/1
   174 | D:1      | Reached XP level 2. HP: 19/19 MP: 2/2
   332 | D:1      | Reached XP level 3. HP: 5/24 MP: 3/3
  1347 | D:2      | Reached XP level 4. HP: 20/29 MP: 4/4
  1561 | D:2      | Reached skill level 4 in Shields
  1885 | D:3      | Reached XP level 5. HP: 3/33 MP: 5/5
  2549 | D:3      | Found a runed door.
  2643 | D:3      | Noticed Robin
  2671 | D:3      | Killed Robin
  2739 | D:3      | Noticed Borgoz's ghost (amateur KoBe)
  2760 | D:3      | Killed Borgoz's ghost
  2760 | D:3      | Reached XP level 6. HP: 22/40 MP: 6/6
  2928 | D:3      | Reached skill level 5 in Fighting
  3233 | D:4      | Reached skill level 5 in Armour
  3233 | D:4      | Reached skill level 5 in Shields
  3498 | D:4      | Reached XP level 7. HP: 40/44 MP: 7/7
  3735 | D:4      | Found an iron altar of Okawaru.
  3754 | D:4      | Noticed Blork the orc
  3778 | D:4      | Found a shadowy altar of Dithmenos.
  3997 | D:5      | Entered Level 5 of the Dungeon
  4184 | D:5      | Found a glowing drain.
  4204 | Sewer    | Entered a sewer
  4684 | D:5      | Learned a level 2 spell: Sticks to Snakes
  4693 | D:5      | Noticed Menkaure
  4698 | D:5      | Killed Menkaure
  4698 | D:5      | Reached skill level 6 in Shields
  4860 | D:5      | Reached skill level 1 in Spellcasting
  4900 | D:5      | Reached XP level 8. HP: 51/51 MP: 9/9
  5514 | D:6      | Found a radiant altar of Vehumet.
  5523 | D:6      | Noticed Prince Ribbit
  5544 | D:6      | Reached skill level 7 in Shields
  5739 | D:6      | Killed Prince Ribbit
  5739 | D:6      | Reached skill level 8 in Shields
  5923 | D:6      | Reached XP level 9. HP: 57/57 MP: 13/13
  6426 | D:7      | Noticed Joseph
  6445 | D:7      | Hit by a tomahawk thrown by an orc warrior

Vault maps used:
D:1:      dpeg_arrival_boxes_within_box, grunt_decor_resistance
D:2:      first_ration
D:3:      ebering_ghost_reflecting_pool, minmay_distorted, uniq_robin
D:4:      nicolae_overflow_hidden_temple, kennysheep_mini_moat,
          uniq_blork_the_orc
D:5:      cheibrodos_sewer_entry_drain, uniq_menkaure
D:6:      vehumet_crystals, minmay_unpleasant_kobolds, uniq_prince_ribbit1
D:7:      minmay_temple_entry_stoned_glass, serial_shops, shop_fountains,
          uniq_joseph
Sewer:    sewer_sea

Skill      XL: |  1  2  3  4  5  6  7  8 |
---------------+-------------------------+-----
Fighting       | 4 5 6 7 |  7.3
Shields        | 4 5 6 8 |  8.7
Armour         | 4 5 |  5.9
Maces & Flails | 3 |  3.1
Spellcasting   | 1 3 |  3.3
Transmutations | |  0.7

Action                   |  1- 3 |  4- 6 |  7- 9 || total
-------------------------+-------+-------+-------++-------
Melee: Flail             |   156 |   136 |       ||   292
       Hand axe          |       |    89 |   266 ||   355
       Dagger            |       |    16 |       ||    16
       Long sword        |       |       |    13 ||    13
Evoke: Wand              |       |     2 |     4 ||     6
  Use: Scroll            |     3 |     4 |    12 ||    19
       Potion            |       |       |     1 ||     1
  Eat: Chunk             |     2 |     4 |     9 ||    15
       Ration            |       |     1 |       ||     1
Armor: Scale mail        |   115 |    74 |       ||   189
       Steam dragon scal |       |    62 |    63 ||   125
       Ring mail         |       |       |    67 ||    67
Dodge: Dodged            |    81 |    84 |    79 ||   244
Block: Shield            |   115 |   135 |   175 ||   425

Table legend:
 A = Non-vault XP
 B = Vault XP
 C = Vault XP percentage of total XP
 D = Non-vault monster count
 E = Vault monster count
 F = Vault count percentage of total count
                 A         B        C        D         E       F
            +---------+---------+-------+---------+---------+-------
      Total |    1609 |    1060 |  39.7 |     134 |      69 |  34.0
            +---------+---------+-------+---------+---------+-------
        D:1 |      40 |       0 |   0.0 |      24 |       0 |   0.0
        D:2 |      81 |       0 |   0.0 |      26 |       0 |   0.0
        D:3 |     172 |     159 |  48.0 |      30 |      16 |  34.8
        D:4 |     273 |       0 |   0.0 |      21 |       0 |   0.0
        D:5 |     332 |     166 |  33.3 |      11 |       4 |  26.7
        D:6 |     575 |     557 |  49.2 |      18 |       7 |  28.0
        D:7 |     136 |       0 |   0.0 |       4 |       0 |   0.0
      Sewer |       0 |     178 | 100.0 |       0 |      42 | 100.0
            +---------+---------+-------+---------+---------+-------
